 Dungeon Crawl Stone Soup version 0.27-a0-1065-ge809cff456 (webtiles) character file.

Game seed: 6412316856608537240

200 shoop the Ruffian (level 5, 0/48 HPs)
             Began as a Ghoul Monk on Apr 24, 2021.
             Slain by an orc wizard
             ... wielding a +0 dagger
              (5 damage)
             ... on level 4 of the Dungeon.
             The game lasted 00:06:57 (2680 turns).

shoop the Ruffian (Ghoul Monk)                      Turns: 2680, Time: 00:06:58

Health: 0/48       AC:  3    Str: 16    XL:     5   Next: 78%
Magic:  4/4        EV: 12    Int:  5    God:
Gold:   171        SH:  0    Dex: 11    Spells: 4/4 levels left

rFire    . . .     SeeInvis .     - Unarmed
rCold    + . .     Faith    .   (no shield)
rNeg     + + +     Spirit   .   a - +0 robe
rPois    ∞         Reflect  .   (no helmet)
rElec    .         Harm     .   (no cloak)
rCorr    .         Rampage  .   (no gloves)
Will     .....                  j - +0 pair of boots
Stlth    ++........             l - amulet of the acrobat
HPRegen  0.00/turn              (no ring)
MPRegen  0.09/turn              (no ring)

@: no status effects
A: claws 1, cold resistance 1, negative energy resistance 3, inhibited
regeneration, torment resistance 2, unbreathing 1
a: no special abilities


You were on level 4 of the Dungeon.
You visited 1 branch of the dungeon, and saw 4 of its levels.

You collected 171 gold pieces.

Inventory:

Missiles
 b - a throwing net
 f - 6 boomerangs
 r - 16 poisoned darts (quivered)
Armour
 a - a +0 robe (worn)
 j - a +0 pair of boots (worn)
Jewellery
 l - an amulet of the acrobat (around neck)
Wands
 o - a wand of flame (27)
Scrolls
 g - 3 scrolls of identify
 h - a scroll of fear {unknown}
 k - 2 scrolls of fog {unknown}
 m - a scroll of brand weapon {unknown}
 n - a scroll of magic mapping
 p - a scroll of holy word {unknown}
 q - a scroll of amnesia {unknown}
Potions
 c - 2 potions of berserk rage {unknown}
 d - a potion of brilliance
 e - a potion of heal wounds {unknown}
 i - 3 potions of curing


   Skills:
 + Level 5.2 Fighting
 - Level 2.6 Dodging
 - Level 2.1 Stealth
 + Level 5.2 Unarmed Combat
 + Level 1.1 Evocations


You had 4 spell levels left.
You didn't know any spells.
Your spell library contained the following spells:

 Spells                   Type           Power      Damage    Failure   Level
 Corona                   Hex            0%         N/A       47%         1
 Sting                    Tmut/Pois      0%         1d3       47%         1
 Ensorcelled Hibernation  Hex/Ice        0%         N/A       63%         2
 Poisonous Vapours        Pois/Air       0%         N/A       63%         2
 Confusing Touch          Hex            0%         N/A       85%         3
 Dazzling Flash           Conj/Hex       0%         N/A       85%         3
 Gell's Gravitas          Tloc           0%         N/A       85%         3
 Ignite Poison            Fire/Tmut/Pois 0%         N/A       85%         3
 Mephitic Cloud           Conj/Pois/Air  0%         N/A       85%         3
 Tukima's Dance           Hex            0%         N/A       85%         3
 Olgreb's Toxic Radiance  Pois           0%         N/A       99%         4
 Petrify                  Tmut/Erth      0%         N/A       99%         4
 Metabolic Englaciation   Hex/Ice        0%         N/A       100%        5
 Yara's Violent Unravell  Hex/Tmut       0%         3d3       100%        5


Dungeon Overview and Level Annotations

Branches:
Dungeon (4/15)             Temple (0/1) D:4

Altars:
Trog
Vehumet


Innate Abilities, Weirdness & Mutations

You thrive by killing the living.
You are immune to poison.
You have sharp fingernails.
Your flesh is cold resistant. (rC+)
You are immune to negative energy. (rN+++)
You do not regenerate when monsters are visible.
You are immune to unholy pain and torment.
You can survive without breathing.


Message History

The orc hits you but does no damage. The orc priest barely misses you.
The orc wizard casts a spell at itself.
The orc wizard flickers and vanishes!
Deactivating autopickup; reactivate with Ctrl-A.
You scratch the orc priest but do no damage.
You claw the orc priest!
The orc priest is heavily wounded.
The orc priest hits you with a +0 flail!
* * * LOW HITPOINT WARNING * * *
The orc barely misses you.
It was a potion of curing.
You feel better.
The orc priest hits you with a +0 flail.
The orc hits you with a +0 club.
You barely miss the orc priest.
The orc priest is heavily wounded.
The orc hits you with a +0 club.
The orc priest hits you with a +0 flail!
* * * LOW HITPOINT WARNING * * *
You scratch the orc priest.
The orc priest is almost dead.
The orc hits you with a +0 club.
* * * LOW HITPOINT WARNING * * *
The orc priest miscasts a cantrip.
You scratch the orc priest.
You kill the orc priest!
The orc closely misses you.
Your Evocations skill increases to level 1!
You scratch the orc.
The orc is heavily wounded.
The orc hits you with a +0 club.
* * * LOW HITPOINT WARNING * * *
You scratch the orc.
You kill the orc!
You feel better.
You hear some strange, mumbled words.
A magic dart appears from out of thin air!
The magic dart hits you.
* * * LOW HITPOINT WARNING * * *
You miss something. Something hits you.
You die...

.....## ##>.(......#
#.>.....
.###..####........##
#)...##. ##
##.....(.###...#
##...### ###.....#
##.## ##### ####..#
#.# ##.. .:gg
####...# #.# ###.<..
...g #.....## #.#
...... ## #######
#.# ..... #@# #...
#){# #.. ....# #.#
#...### #<## #..#
#..## .... #...###
#.(. #...... #...
##W.#### ##...#


There were no monsters in sight!

Vanquished Creatures
  An orc priest (D:4)
  A hound (D:4)
  An orc wizard (D:4)
  A gnoll (D:4)
  4 adders
  2 worms
  2 dart slugs (D:3)
  4 orcs (D:4)
  4 ball pythons
  A bat (D:3)
  3 endoplasms
  8 giant cockroaches
  A goblin (D:4)
  5 hobgoblins
  6 jackals
  5 kobolds
  3 quokkas
  2 frilled lizards
  2 rats
56 creatures vanquished.

Vanquished Creatures (others)
  A plant (D:2)
1 creature vanquished.

Grand Total: 57 creatures vanquished

Notes
Turn   | Place    | Note
-------+----------+-------------------------------------------
     0 | D:1      | shoop the Ghoul Monk began the quest for the Orb.
     0 | D:1      | Reached XP level 1. HP: 19/19 MP: 0/0
    92 | D:1      | Reached XP level 2. HP: 24/26 MP: 1/1
   701 | D:2      | Reached XP level 3. HP: 33/33 MP: 2/2
  1275 | D:3      | Found a radiant altar of Vehumet.
  1483 | D:3      | Reached XP level 4. HP: 35/41 MP: 3/3
  1806 | D:3      | Found a faded altar of an unknown god.
  2132 | D:4      | Noticed a phantom
  2235 | D:4      | Reached XP level 5. HP: 33/47 MP: 4/4
  2344 | D:4      | Found a staircase to the Ecumenical Temple.
  2460 | D:4      | Reached skill level 5 in Fighting
  2460 | D:4      | Reached skill level 5 in Unarmed Combat
  2635 | D:4      | Found a bloodstained altar of Trog.
  2678 | D:4      | Reached skill level 1 in Evocations
  2680 | D:4      | Slain by an orc wizard

Illustrated notes

Levels and vault maps discovered:
D:1:      mrwooster_arrival_arrow, layout_basic
D:2:      cheibrodos_old_hovel, layout_basic
D:3:      layout_loops_ring, overflow_temple_1_default,
          shapermc_ecumenical_altar_mp_vishouse, minmay_circle_x
D:4:      layout_layer_cave, trog_book, minmay_temple_entry_offerings,
          enter_ossuary_1, serial_bayou_pond_a, grunt_decor_clamped,
          minmay_statues_item

Skill      XL: |  1  2  3  4  5 |
---------------+----------------+-----
Fighting       | 4 5 |  5.2
Unarmed Combat | 4 5 |  5.2
Evocations     | 1 |  1.1
Dodging        | |  2.6
Stealth        | |  2.1

Action                   |  1- 3 |  4- 6 || total
-------------------------+-------+-------++-------
Melee: Unarmed           |    89 |   107 ||   196
       Punch             |       |     1 ||     1
Throw: Dart              |       |     2 ||     2
  Use: Scroll            |       |     2 ||     2
       Potion            |       |     1 ||     1
 Stab: Sleeping          |     6 |       ||     6
Armor: Robe              |    12 |    11 ||    23
Dodge: Dodged            |    40 |    67 ||   107

Table legend: (Time is in decaauts)
 A = Elapsed time spent in this place.
 B = Non-inter-level travel time spent in this place.
 C = Inter-level travel time spent in this place.
 D = Time resting spent in this place.
 E = Time spent auto-exploring this place.
 F = Levels seen in this place.
 G = Mean time per level.
                   A        B        C        D        E       F      G
               +--------+--------+--------+--------+--------+-----+--------+
         Total |   2668 |   2544 |    124 |     53 |   1752 |   4 |  667.0 |
       Dungeon |   2668 |   2544 |    124 |     53 |   1752 |   4 |  667.0 |
               +--------+--------+--------+--------+--------+-----+--------+

Top non-repeatable levels by time:
     D:3: 880 daAuts
     D:1: 641 daAuts
     D:2: 626 daAuts
     D:4: 519 daAuts
